 Dungeon Crawl Stone Soup version 0.31-a0-620-gd1cbd99268 (webtiles) character file.

Game seed: 18058562069891394625

409 Demosthentine the Poker (level 6, -2/48 HPs)
             Began as a Demonspawn Gladiator on Aug 23, 2023.
             Slain by Ijyb
             ... wielding a +2 dagger of electrocution
              (3 damage)
             ... on level 5 of the Dungeon.
             The game lasted 00:03:28 (2826 turns).

Demosthentine the Poker (Demonspawn Gladiator)      Turns: 2826, Time: 00:03:29

Health: -2/48      AC: 13    Str: 16    XL:     6   Next: 58%
Magic:  6/6        EV: 14    Int:  9    God:
Gold:   214        SH:  0    Dex: 21    Spells: 5/5 levels left

rFire   . . .        a - +0 trident (protect)
rCold   + . .        (no shield)
rNeg    . . .        r - +1 leather armour {rC+}
rPois   +            c - +0 helmet
rElec   .            m - +0 cloak
rCorr   .            (no gloves)
SInv    .            (no boots)
Will    .....        (no amulet)
Stlth   ++           j - ring of poison resistance
HPRegen 0.28/turn    l - +6 ring of dexterity
MPRegen 0.20/turn

%: no passive effects
@: under a protective aura
A: claws 1, foul stench 1, magic regeneration
a: no special abilities


You were on level 5 of the Dungeon.
You visited 1 branch of the dungeon, and saw 5 of its levels.

You collected 214 gold pieces.

Inventory:

Hand Weapons
 a - a +0 trident of protection (weapon)
Missiles
 d - 3 throwing nets (quivered)
 e - 5 javelins
Armour
 c - a +0 helmet (worn)
 m - a +0 cloak (worn)
 r - a +1 leather armour of cold resistance (worn)
Jewellery
 j - a ring of poison resistance (left claw)
 l - a +6 ring of dexterity (right claw)
 t - a +6 ring of strength
Talismans
 n - a storm talisman
Wands
 b - a wand of mindburst (6)
 s - a wand of iceblast (7)
Scrolls
 g - 2 scrolls of poison
 p - a scroll of fog {unknown}
Potions
 f - a potion of lignification
 h - 4 potions of attraction
 i - 2 potions of mutation
 k - 2 potions of degeneration
 o - 3 potions of heal wounds
 q - a potion of curing {unknown}


   Skills:
 + Level 3.8 Fighting
 + Level 4.1 Polearms
 - Level 1.7 Throwing
 + Level 2.8 Armour
 + Level 4.1 Dodging


You had 5 spell levels left.
You didn't know any spells.
Your spell library contained the following spells:

 Spells                   Type           Power      Damage    Failure   Level
 Summon Small Mammal      Summ           0%         N/A       43%         1
 Call Canine Familiar     Summ           0%         N/A       82%         3
 Summon Guardian Golem    Hex/Summ       0%         N/A       82%         3


Dungeon Overview and Level Annotations

Branches:
Dungeon (4/15)
 Temple: D:4-7

Altars:
Gozag
Sif Muna

Annotations:
D:5 Ijyb


Innate Abilities, Weirdness & Mutations

You have sharp fingernails.
You may rarely emit foul miasma when damaged in melee.
You regenerate magic rapidly.


Message History

You closely miss Ijyb. Ijyb hits you but does no damage.
You are electrocuted!
Unknown command.
You closely miss Ijyb. Ijyb hits you but does no damage.
Unknown command.
You closely miss Ijyb.
Ijyb hits you with a +2 dagger of electrocution.
Unknown command.
You barely miss Ijyb. Ijyb misses you.
Unknown command.
You hit Ijyb but do no damage.
Your weapon exudes an aura of protection.
Ijyb closely misses you.
Unknown command.
You hit Ijyb but do no damage. Ijyb barely misses you.
Unknown command.
You closely miss Ijyb. Ijyb hits you but does no damage.
You hit Ijyb but do no damage. Ijyb hits you but does no damage.
You are electrocuted!
Unknown command.
You hit Ijyb but do no damage. Ijyb hits you but does no damage.
Unknown command.
You hit Ijyb but do no damage. Your claw misses Ijyb.
Ijyb hits you but does no damage.
Ijyb hits you with a +2 dagger of electrocution.
You are too injured to fight recklessly!
You are too injured to fight recklessly!
You are too injured to fight recklessly!
You hit Ijyb but do no damage. Ijyb barely misses you.
You hit Ijyb but do no damage.
Ijyb hits you with a +2 dagger of electrocution.
You closely miss Ijyb. Ijyb hits you but does no damage.
You puncture Ijyb!
Ijyb is heavily wounded.
Ijyb hits you with a +2 dagger of electrocution.
You are electrocuted!!
* * * LOW HITPOINT WARNING * * *
You hit Ijyb but do no damage.
Ijyb is heavily wounded.
Ijyb hits you with a +2 dagger of electrocution.
You die...

...#.#...#.#.#######......# #
..........................# #
.)...#.#...#.#######+#....# #
.......#.#................#######
.....#.#.#.#.######.........#..).
.....#.#.#.#......#......#..8..##
.....#...#.#.####.########.....#
##+#.#.#.#.#..###.## #.....#
#.....#.#....@..# ##+++##
###.###†#.####g.# ... #.#.# ..#
#.# #.#.# .... ....# .#### #+###
.# .# .#


You could see Ijyb.

Vanquished Creatures
  A scorpion (D:5)
  A hound (D:4)
  2 orc priests (D:4)
  Terence (D:2)
  An iguana (D:3)
  3 orc wizards (D:5)
  Robin (D:2)
  3 adders
  An ufetubus (D:5)
  2 worms
  2 dart slugs (D:1)
  6 orcs
  5 ball pythons
  An endoplasm (D:3)
  7 giant cockroaches
  17 goblins
  3 hobgoblins (D:1)
  8 jackals
  4 kobolds
  2 quokkas
  A bat (D:1)
  7 frilled lizards
  4 rats
83 creatures vanquished.

Notes
Turn   | Place    | Note
-------+----------+-------------------------------------------
     0 | D:1      | Demosthentine the Demonspawn Gladiator began the quest for
                  | the Orb.
     0 | D:1      | Reached XP level 1. HP: 16/16 MP: 1/1
    94 | D:1      | Gained mutation: You may rarely emit foul miasma when
                  | damaged in melee. [demonic ancestry]
    94 | D:1      | Reached XP level 2. HP: 22/22 MP: 2/2
   444 | D:1      | Reached skill level 1 in Armour
   551 | D:1      | Reached XP level 3. HP: 27/28 MP: 3/3
   871 | D:2      | Noticed Robin
   898 | D:2      | Killed Robin
  1014 | D:2      | Gained mutation: You regenerate magic rapidly. [demonic
                  | ancestry]
  1014 | D:2      | Reached XP level 4. HP: 34/34 MP: 4/4
  1292 | D:2      | Noticed Terence
  1314 | D:2      | Killed Terence
  1721 | D:3      | Reached XP level 5. HP: 34/41 MP: 5/5
  1770 | D:3      | Found an opulent altar of Gozag.
  2399 | D:4      | Found a shimmering blue altar of Sif Muna.
  2401 | D:4      | You fall into a shaft and drop 1 floor!
  2401 | D:5      | Entered Level 5 of the Dungeon
  2448 | D:5      | Gained mutation: You have sharp fingernails. [demonic
                  | ancestry]
  2448 | D:5      | Reached XP level 6. HP: 29/47 MP: 6/6
  2807 | D:5      | Noticed Ijyb
  2825 | D:5      | HP: 1/48 [Ijyb/+2 dagger of electrocution (19)]
  2826 | D:5      | Slain by Ijyb

Illustrated notes

Levels and vault maps discovered:
D:1:      kennysheep_arrival_forest, layout_basic
D:2:      layout_basic, uniq_terence, uniq_robin
D:3:      layout_basic, nicolae_gozag_cash_rules_everything_around_me
D:4:      layout_cave_pools, mainiacjoe_overflow_tiny_flanked
D:5:      layout_basic, slow_altar_2, uniq_ijyb

Skill      XL: |  1  2  3  4  5  6 |
---------------+-------------------+-----
Polearms       | 3 4 |  4.1
Dodging        | 3 4 |  4.1
Armour         | 1 2 |  2.8
Fighting       | 3 |  3.8
Throwing       | |  1.7

Action                     |  1- 3 |  4- 6 || total
---------------------------+-------+-------++-------
  Melee: Trident           |   107 |   188 ||   295
         Punch             |     1 |     1 ||     2
    Use: Scroll            |     5 |     6 ||    11
   Stab: Sleeping          |     1 |     5 ||     6
         Distracted        |       |     1 ||     1
 Armour: Leather armour    |    34 |    76 ||   110
  Dodge: Dodged            |    60 |   107 ||   167

Table legend: (Time is in decaauts)
 A = Elapsed time spent in this place.
 B = Non-inter-level travel time spent in this place.
 C = Inter-level travel time spent in this place.
 D = Time resting spent in this place.
 E = Time spent auto-exploring this place.
 F = Levels seen in this place.
 G = Mean time per level.
                   A        B        C        D        E       F      G
               +--------+--------+--------+--------+--------+-----+--------+
         Total |   2861 |   2773 |     88 |      0 |   2145 |   5 |  572.2 |
       Dungeon |   2861 |   2773 |     88 |      0 |   2145 |   5 |  572.2 |
               +--------+--------+--------+--------+--------+-----+--------+

Top non-repeatable levels by time:
     D:1: 840 daAuts
     D:2: 810 daAuts
     D:3: 607 daAuts
     D:5: 433 daAuts
     D:4: 169 daAuts
